 Dungeon Crawl Stone Soup version 0.25.1-2-g60ff931df9 (webtiles) character file.

Game seed: 616706675186447912

40 Peloso the Covered (level 3, 33/33 HPs)
             Began as a Minotaur Fighter on Aug 7, 2020.
             Got out of the dungeon alive.
             The game lasted 00:02:29 (1953 turns).

Peloso the Covered (Minotaur Fighter)               Turns: 1953, Time: 00:02:30

Health: 33/33      AC:  7    Str: 20    XL:     3   Next: 30%
Magic:  2/2        EV:  7    Int:  5    God:
Gold:   37         SH:  9    Dex: 10    Spells: 2/2 levels left

rFire    . . .     SeeInvis .   a - +0 long sword
rCold    . . .     Gourm    .   c - +0 kite shield
rNeg     . . .     Faith    .   i - +0 scale mail
rPois    .         Spirit   .   (helmet restricted)
rElec    .         Reflect  .   (no cloak)
rCorr    .         Harm     .   (no gloves)
MR       +....     Clarity  +   (no boots)
Stlth    ..........             (no amulet)
HPRegen  0.11/turn              q - ring of protection from magic
MPRegen  0.08/turn              r - ring of wizardry

@: no status effects
A: retaliatory headbutt, horns 2, clarity, deterioration 1, wild magic 1
a: no special abilities


You escaped.
You were not hungry.

You visited 1 branch of the dungeon, and saw 3 of its levels.

You collected 37 gold pieces.

Inventory:

Hand Weapons
 a - a +0 long sword (weapon)
 b - a cursed -1 dagger
Armour
 c - a +0 kite shield (worn)
 i - a +0 scale mail (worn)
Jewellery
 q - a ring of protection from magic (left hand)
 r - a ring of wizardry (right hand)
Scrolls
 g - a scroll of magic mapping {unknown}
 j - 2 scrolls of identify {unknown}
 k - a scroll of remove curse {unknown}
 l - a scroll of enchant weapon {unknown}
 m - a scroll of fog {unknown}
 p - a scroll of enchant armour {unknown}
Potions
 d - a potion of might
 h - a potion of heal wounds {unknown}
 n - a potion of magic {unknown}
Comestibles
 f - 3 rations


   Skills:
 + Level 4.0 Fighting
 + Level 2.9 Long Blades
 + Level 4.2 Armour
 + Level 0.3 Dodging
 + Level 4.2 Shields


You had 2 spell levels left.
You didn't know any spells.
Your spell library was empty.

Dungeon Overview and Level Annotations

Branches:
Dungeon (3/15)

Altars:
Xom


Innate Abilities, Weirdness & Mutations

You reflexively headbutt those who attack you in melee.
You have a pair of horns on your head.
You possess an exceptional clarity of mind.
Your body sometimes deteriorates upon taking damage.
Your spells are a little harder to cast, but a little more powerful.


Message History

There is a stone staircase leading down here.
You climb downwards.
There is a stone staircase leading up here.
Sorry, I don't know how to get there.
It was a potion of mutation.
You feel extremely strange.
You feel yourself wasting away.
You feel less in control of your magic.
Your thoughts seem clearer.
(D) Dungeon
Where to? (Enter - D:12, ? - help)
What level of the Dungeon? (default 1, ? - help)
You climb upwards.
There is a stone staircase leading down here.
There is a stone staircase leading up here.
You climb upwards.
There is a stone staircase leading down here.
All of the chunks of flesh in your inventory have rotted away.
There is an open door here.
There is a staircase leading out of the dungeon here.
Are you sure you want to leave the Dungeon?
This will make you lose the game!
You have escaped!

###.#.....####.#.#.###.###.
##.....§............###.....
##..§≈≈≈...##...≈≈≈≈..##.####
#..≈§§≈§§§.....≈≈≈≈≈≈.##.#
#§.§§≈≈≈≈......≈≈≈≈≈≈....#
#.§§§§≈§≈......≈≈≈≈≈≈.####
#...≈≈≈§..##'#..≈≈≈≈..#
#..§§....###.##......## #
##.#####.+.>@.+.##.### #
#.......###.##.##.## #
####.##..##+#......# ###### #
#.###......##...## #..... #
#.# #####........# #.####
##### #.# #####...## #.#
....# #.# ##..####.#### .##.#
#.# #........... #...## #.#
#.#####.###.


There were no monsters in sight!

Vanquished Creatures
  An ooze (D:2)
  2 dart slugs (D:2)
  A leopard gecko (D:1)
  3 bats
  2 giant cockroaches (D:1)
  3 hobgoblins
  A quokka (D:2)
  2 ball pythons (D:2)
  A frilled lizard (D:2)
  5 goblins
  6 kobolds
  4 rats (D:2)
31 creatures vanquished.

Notes
Turn   | Place    | Note
-------+----------+-------------------------------------------
     0 | D:1      | Peloso the Minotaur Fighter began the quest for the Orb.
     0 | D:1      | Reached XP level 1. HP: 19/19 MP: 0/0
   331 | D:1      | Reached XP level 2. HP: 27/27 MP: 1/1
  1338 | D:2      | Reached XP level 3. HP: 32/33 MP: 2/2
  1369 | D:2      | Found a shimmering altar of Xom.
  1918 | D:3      | Gained mutation: Your body sometimes deteriorates upon
                  | taking damage. [potion of mutation]
  1918 | D:3      | Gained mutation: Your spells are a little harder to cast,
                  | but a little more powerful. [potion of mutation]
  1918 | D:3      | Gained mutation: You possess an exceptional clarity of
                  | mind. [potion of mutation]
  1953 | D:$      | Got out of the dungeon alive.

Illustrated notes

Levels and vault maps discovered:
D:1:      dpeg_arrival_pits, layout_loops_corners, hangedman_decor_peaks_small,
          hex_large
D:2:      minmay_evil_eye, layout_loops_corners, lemuel_statue_altar
D:3:      wad_pebble_path, layout_basic, lemuel_crystal_altar, xom_butterflies,
          kennysheep_nub, uniq_jessica, uniq_ijyb

Skill      XL: |  1  2 |
---------------+-------+-----
Armour         | 4 |  4.2
Fighting       | 4 |  4.0
Shields        | 4 |  4.2
Long Blades    | |  2.9
Dodging        | |  0.3

Action                   || total
-------------------------++-------
Melee: Long sword        ||    84
       Headbutt          ||    11
  Use: Potion            ||     1
  Eat: Chunk             ||     3
Armor: Scale mail        ||    43
Dodge: Dodged            ||    24
Block: Kite shield       ||    62
       Rpst.: Long sword ||     6
